| TOP OF THE 1ST |
|
Cleveland (APP) Indians batting - Pitching for Texas (APP) Rangers : RHP Tyler Bach
|
|
Pitching: RHP Tyler Bach
|
|
|
Batting: RHB John Clark
|
0-0: Foul Ball, location: 2F 0-1: Ground out 5-3 (Groundball, 56, EV 88.8 MPH)
|
|
Batting: RHB Carlos Manriquez
|
0-0: Swinging Strike 0-1: Ball 1-1: Ball 2-1: Ground out 6-3 (Groundball, 56, EV 100.6 MPH)
|
|
Batting: RHB Juan Gallardo
|
0-0: Called Strike 0-1: Foul Ball, location: 2F 0-2: Fly out, F8 (Flyball, 8LD, EV 101.9 MPH)
|
| Top of the 1st over - 0 runs, 0 hits, 0 errors, 0 left on base; Cleveland (APP) 0 - Texas (APP) 0 |
| BOTTOM OF THE 1ST |
|
Texas (APP) Rangers batting - Pitching for Cleveland (APP) Indians : RHP Jose Esteban
|
|
Pitching: RHP Jose Esteban
|
|
|
Batting: SHB Mark Paquin
|
0-0: Ball 1-0: Ball 2-0: Called Strike 2-1: Ball 3-1: Swinging Strike 3-2: Base on Balls
|
|
Batting: RHB David Redman
|
0-0: Ball 1-0: Called Strike 1-1: Ball 2-1: Ball 3-1: Foul Ball, location: 2F 3-2: SINGLE (Groundball, 56S, EV 67.5 MPH) (infield hit) Mark Paquin to second
|
|
Batting: RHB Robby Adair
|
0-0: Ball 1-0: Ball 2-0: Ball 3-0: Base on Balls Mark Paquin to third David Redman to second
|
|
Batting: RHB Ryan Pastore
|
0-0: Called Strike 0-1: Ball Passed Ball! Mark Paquin scores David Redman to third Robby Adair to second 1-1: Foul Ball, location: 2F 1-2: Ball 2-2: Foul Ball, location: 2F 2-2: Ball 3-2: Foul Ball, location: 2F 3-2: Base on Balls
|
|
Pitching: RHP Gilbert Paparelli
|
|
|
Batting: LHB Tomoya Hashimoto
|
0-0: Ball Passed Ball! David Redman scores Robby Adair to third Ryan Pastore to second 1-0: 3-RUN HOME RUN (Line Drive, 89XD, EV 98.1 MPH), Distance : 398 ft
|
|
Batting: RHB Shawn Weber
|
0-0: Called Strike 0-1: Ground out 6-3 (Groundball, 6, EV 84.4 MPH)
|
|
Batting: RHB Matt Silva
|
0-0: Ball 1-0: Called Strike 1-1: Foul Ball, location: 2F 1-2: Ball 2-2: Foul Ball, location: 2F 2-2: Ball 3-2: Base on Balls
|
|
Batting: RHB Rafael Tapia
|
0-0: Ball 1-0: Ball Matt Silva steals 2nd, throwing error, E2 Matt Silva to third 2-0: Called Strike 2-1: Called Strike 2-2: SINGLE (Groundball, 56S, EV 69.4 MPH) (infield hit) Matt Silva scores
|
|
Batting: RHB Jordan Llanes
|
0-0: Ball 1-0: Ball 2-0: Ball 3-0: Called Strike 3-1: Base on Balls Rafael Tapia to second
|
|
Pitching: LHP Jordan Jimenez
|
|
|
Batting: SHB Mark Paquin
|
0-0: Called Strike 0-1: DOUBLE (Line Drive, 78D, EV 105.6 MPH) Rafael Tapia scores Jordan Llanes to third
|
|
Batting: RHB David Redman
|
0-0: Foul Ball, location: 2F 0-1: SINGLE (Groundball, 34D, EV 95.0 MPH) Jordan Llanes scores Mark Paquin to third Runner from 3rd tries for Home, SAFE, throw by RF to home
|
|
Batting: RHB Robby Adair
|
0-0: 2-RUN HOME RUN (Flyball, 7D, EV 95.0 MPH), Distance : 370 ft
|
|
Batting: RHB Ryan Pastore
|
0-0: Ball 1-0: Ball 2-0: Ball 3-0: Base on Balls
|
|
Batting: LHB Tomoya Hashimoto
|
Pickoff Throw to First - Out! 1-3 0-0: Ball 1-0: Called Strike 1-1: DOUBLE (Line Drive, 78D, EV 105.0 MPH)
|
|
Batting: RHB Shawn Weber
|
0-0: Called Strike 0-1: Ball 1-1: SINGLE (Line Drive, 9LS, EV 92.5 MPH) Tomoya Hashimoto to third Runner from 3rd tries for Home, SAFE, throw by RF to home
|
|
Batting: RHB Matt Silva
|
0-0: Ball 1-0: Ball 2-0: Foul Ball, location: 2F 2-1: Called Strike 2-2: Ball Passed Ball! Shawn Weber to second 3-2: Foul Ball, location: 2F 3-2: DOUBLE (Flyball, 8LXD, EV 88.1 MPH) Shawn Weber scores
|
|
Batting: RHB Rafael Tapia
|
0-0: Called Strike 0-1: Ball 1-1: Ball Passed Ball! Matt Silva to third 2-1: Ball Wild Pitch! Matt Silva scores 3-1: SOLO HOME RUN (Flyball, 78XD, EV 110.0 MPH), Distance : 406 ft
|
|
Batting: RHB Jordan Llanes
|
0-0: SINGLE (Groundball, P, EV 86.3 MPH) (infield hit)
|
|
Pinch Hitting: RHB Alex Lopez
|
0-0: Swinging Strike 0-1: Ground out 4-3 (Groundball, 4, EV 100.0 MPH)
|
| Bottom of the 1st over - 15 runs, 11 hits, 1 error, 1 left on base; Cleveland (APP) 0 - Texas (APP) 15 |
| TOP OF THE 2ND |
|
Cleveland (APP) Indians batting - Pitching for Texas (APP) Rangers : RHP Tyler Bach
|
|
Now at 2B: Alex Lopez
|
|
|
Batting: RHB Luis Roman
|
0-0: Swinging Strike 0-1: Called Strike 0-2: Ball 1-2: Foul Ball, location: 2F 1-2: Foul Ball, location: 2F 1-2: Strikes out looking
|
|
Batting: LHB Kenji Yokoyama
|
0-0: Called Strike 0-1: Foul Ball, location: 2F 0-2: Ball 1-2: Strikes out swinging, 2-3 out at first.
|
|
Batting: RHB Joe Shade
|
0-0: Foul Ball, location: 2F 0-1: Foul Ball, location: 2F 0-2: Strikes out swinging
|
| Top of the 2nd over - 0 runs, 0 hits, 0 errors, 0 left on base; Cleveland (APP) 0 - Texas (APP) 15 |
| BOTTOM OF THE 2ND |
|
Texas (APP) Rangers batting - Pitching for Cleveland (APP) Indians : LHP Jordan Jimenez
|
|
Batting: RHB David Redman
|
0-0: Ball 1-0: Fly out, F2 (Popup, 5SF, EV 70.6 MPH)
|
|
Batting: RHB Robby Adair
|
0-0: Ball 1-0: Ball 2-0: Foul Ball, location: 2F 2-1: Fly out, F7 (Flyball, 78M, EV 85.6 MPH)
|
|
Batting: RHB Ryan Pastore
|
0-0: Called Strike 0-1: SOLO HOME RUN (Flyball, 78XD, EV 116.3 MPH), Distance : 462 ft
|
|
Batting: LHB Tomoya Hashimoto
|
0-0: Ball 1-0: Ball 2-0: Swinging Strike 2-1: Ball 3-1: Base on Balls
|
|
Batting: RHB Shawn Weber
|
0-0: SINGLE (Groundball, 4MD, EV 101.3 MPH) Tomoya Hashimoto to second
|
|
Batting: RHB Matt Silva
|
0-0: SINGLE (Groundball, 6S, EV 71.9 MPH) (infield hit) Tomoya Hashimoto to third Shawn Weber to second
|
|
Batting: RHB Rafael Tapia
|
0-0: Fly out, F9 (Flyball, 9D, EV 103.1 MPH)
|
| Bottom of the 2nd over - 1 run, 3 hits, 0 errors, 3 left on base; Cleveland (APP) 0 - Texas (APP) 16 |
| TOP OF THE 3RD |
|
Cleveland (APP) Indians batting - Pitching for Texas (APP) Rangers : RHP Tyler Bach
|
|
Batting: LHB Heath Ryland
|
0-0: Called Strike 0-1: SINGLE (Groundball, 4MD, EV 106.9 MPH)
|
|
Batting: RHB Ken Shear
|
0-0: Foul Ball, location: 2F 0-1: Ball 1-1: Called Strike 1-2: Strikes out looking
|
|
Batting: SHB Mike Shields
|
0-0: Bunted foul 0-1: Bunt missed! 0-2: Bunt missed, Strikeout!
|
|
Batting: RHB John Clark
|
0-0: Swinging Strike 0-1: Ball 1-1: Fly out, F4 (Line Drive, 4, EV 75.6 MPH)
|
| Top of the 3rd over - 0 runs, 1 hit, 0 errors, 1 left on base; Cleveland (APP) 0 - Texas (APP) 16 |
| BOTTOM OF THE 3RD |
|
Texas (APP) Rangers batting - Pitching for Cleveland (APP) Indians : LHP Jordan Jimenez
|
|
Batting: RHB Jordan Llanes
|
0-0: Ball 1-0: Ball 2-0: Swinging Strike 2-1: Ball 3-1: Base on Balls
|
|
Batting: RHB Alex Lopez
|
0-0: SINGLE (Groundball, 6MD, EV 106.9 MPH) Jordan Llanes to second
|
|
Batting: RHB David Redman
|
0-0: Ball 1-0: Ball 2-0: Called Strike 2-1: Ball 3-1: Base on Balls Jordan Llanes to third Alex Lopez to second
|
|
Batting: RHB Robby Adair
|
0-0: DOUBLE (Flyball, 78D, EV 97.5 MPH) Jordan Llanes scores Alex Lopez scores David Redman to third
|
|
Batting: RHB Ryan Pastore
|
0-0: Ball 1-0: Ball Wild Pitch! David Redman scores Robby Adair to third 2-0: Ball Passed Ball! Robby Adair scores 3-0: Called Strike 3-1: Base on Balls
|
|
Batting: LHB Tomoya Hashimoto
|
0-0: Reached on error, E6 (Groundball, 6, EV 99.4 MPH) Ryan Pastore to second
|
|
Batting: RHB Shawn Weber
|
0-0: Fielders Choice at 2nd, 3-6 (Groundball, 3, EV 78.8 MPH) Ryan Pastore to third
|
|
Batting: RHB Matt Silva
|
0-0: DOUBLE (Flyball, 78XD, EV 103.8 MPH) Ryan Pastore scores Shawn Weber to third
|
|
Batting: RHB Rafael Tapia
|
0-0: Fly out, F7 (Flyball, 7, EV 95.6 MPH)
|
|
Batting: RHB Jordan Llanes
|
0-0: Ball 1-0: Ball 2-0: Ball 3-0: Base on Balls
|
|
Batting: RHB Alex Lopez
|
0-0: Fielders Choice at 2nd, 6-4 (Groundball, 56D, EV 88.8 MPH)
|
| Bottom of the 3rd over - 5 runs, 3 hits, 1 error, 3 left on base; Cleveland (APP) 0 - Texas (APP) 21 |
| TOP OF THE 4TH |
|
Cleveland (APP) Indians batting - Pitching for Texas (APP) Rangers : RHP Tyler Bach
|
|
Batting: RHB Carlos Manriquez
|
0-0: Called Strike 0-1: Ball 1-1: Foul Ball, location: 2F 1-2: Strikes out swinging
|
|
Batting: RHB Juan Gallardo
|
0-0: Foul Ball, location: 2F 0-1: Called Strike 0-2: Ball 1-2: Foul Ball, location: 2F 1-2: Single, Error in OF, E7, batter to second base (Line Drive, 7S, EV 90.0 MPH)
|
|
Batting: RHB Luis Roman
|
0-0: Swinging Strike 0-1: Swinging Strike 0-2: Ground out 4-3 (Groundball, 34, EV 86.9 MPH) Juan Gallardo to third
|
|
Batting: LHB Kenji Yokoyama
|
0-0: Ball 1-0: Ground out 6-3 (Groundball, 6, EV 99.4 MPH)
|
| Top of the 4th over - 0 runs, 1 hit, 1 error, 1 left on base; Cleveland (APP) 0 - Texas (APP) 21 |
| BOTTOM OF THE 4TH |
|
Texas (APP) Rangers batting - Pitching for Cleveland (APP) Indians : LHP Jordan Jimenez
|
|
Batting: RHB David Redman
|
0-0: Ball 1-0: Ball 2-0: Ball 3-0: Base on Balls
|
|
Batting: RHB Robby Adair
|
0-0: Ball 1-0: Swinging Strike Passed Ball! David Redman to second 1-1: Ball Wild Pitch! David Redman to third 2-1: Ball 3-1: Base on Balls
|
|
Batting: RHB Ryan Pastore
|
0-0: 3-RUN HOME RUN (Flyball, 9D, EV 95.0 MPH), Distance : 371 ft
|
|
Batting: LHB Tomoya Hashimoto
|
0-0: Fly out, F5 (Line Drive, 5, EV 60.0 MPH)
|
|
Batting: RHB Shawn Weber
|
0-0: Fly out, F9 (Flyball, 9LM, EV 106.9 MPH)
|
|
Batting: RHB Matt Silva
|
0-0: Fly out, F2 (Popup, 3SF, EV 70.0 MPH)
|
| Bottom of the 4th over - 3 runs, 1 hit, 0 errors, 0 left on base; Cleveland (APP) 0 - Texas (APP) 24 |
| TOP OF THE 5TH |
|
Cleveland (APP) Indians batting - Pitching for Texas (APP) Rangers : RHP Tyler Bach
|
|
Batting: RHB Joe Shade
|
0-0: Called Strike 0-1: Foul Ball, location: 2F 0-2: Fly out, F8 (Flyball, 89M, EV 81.9 MPH)
|
|
Batting: LHB Heath Ryland
|
0-0: Called Strike 0-1: Ball 1-1: Foul Ball, location: 2F 1-2: Strikes out looking
|
|
Batting: RHB Ken Shear
|
0-0: Called Strike 0-1: Called Strike 0-2: Ball 1-2: Foul Ball, location: 2F 1-2: Strikes out swinging
|
| Top of the 5th over - 0 runs, 0 hits, 0 errors, 0 left on base; Cleveland (APP) 0 - Texas (APP) 24 |
| BOTTOM OF THE 5TH |
|
Texas (APP) Rangers batting - Pitching for Cleveland (APP) Indians : LHP Jordan Jimenez
|
|
Batting: RHB Rafael Tapia
|
0-0: Fly out, F8 (Flyball, 8LXD, EV 93.8 MPH)
|
|
Batting: RHB Jordan Llanes
|
0-0: DOUBLE (Line Drive, 78M, EV 106.3 MPH)
|
|
Batting: RHB Alex Lopez
|
0-0: Ball Passed Ball! Jordan Llanes to third 1-0: Ball 2-0: Swinging Strike 2-1: Swinging Strike Passed Ball! Jordan Llanes scores 2-2: Strikes out looking
|
|
Batting: RHB David Redman
|
0-0: SINGLE (Groundball, 4M, EV 102.5 MPH)
|
|
Batting: RHB Robby Adair
|
0-0: Ground out 1-3 (Groundball, 13S, EV 66.9 MPH)
|
| Bottom of the 5th over - 1 run, 2 hits, 0 errors, 1 left on base; Cleveland (APP) 0 - Texas (APP) 25 |
| TOP OF THE 6TH |
|
Cleveland (APP) Indians batting - Pitching for Texas (APP) Rangers : RHP Tyler Bach
|
|
Batting: SHB Mike Shields
|
0-0: Ground out U3 (Groundball, 3, EV 88.1 MPH)
|
|
Batting: RHB John Clark
|
0-0: Ball 1-0: Ground out 1-3 (Groundball, 15S, EV 65.0 MPH)
|
|
Batting: RHB Carlos Manriquez
|
0-0: SINGLE (Groundball, 6MS, EV 72.5 MPH) (infield hit)
|
|
Batting: RHB Juan Gallardo
|
0-0: Ground out 5-3 (Groundball, 56S, EV 84.4 MPH)
|
| Top of the 6th over - 0 runs, 1 hit, 0 errors, 1 left on base; Cleveland (APP) 0 - Texas (APP) 25 |
| BOTTOM OF THE 6TH |
|
Texas (APP) Rangers batting - Pitching for Cleveland (APP) Indians : LHP Jordan Jimenez
|
|
Batting: RHB Ryan Pastore
|
0-0: Ball 1-0: Foul Ball, location: 2F 1-1: Ball 2-1: SOLO HOME RUN (Flyball, 7D, EV 108.8 MPH), Distance : 410 ft
|
|
Batting: LHB Tomoya Hashimoto
|
0-0: Ball 1-0: Ball 2-0: Called Strike 2-1: Ball 3-1: Base on Balls
|
|
Batting: RHB Shawn Weber
|
0-0: DOUBLE (Line Drive, 7LS, EV 95.6 MPH) Tomoya Hashimoto to third
|
|
Batting: RHB Matt Silva
|
0-0: Swinging Strike 0-1: Foul Ball, location: 2F 0-2: Ground out 6-3 (Groundball, 6, EV 86.9 MPH) Tomoya Hashimoto scores
|
|
Batting: RHB Rafael Tapia
|
0-0: SINGLE (Groundball, 25, EV 73.8 MPH) (infield hit) Shawn Weber to third
|
|
Batting: RHB Jordan Llanes
|
0-0: SINGLE (Groundball, 6D, EV 109.4 MPH) Shawn Weber scores Rafael Tapia to second
|
|
Batting: RHB Alex Lopez
|
0-0: SINGLE (Groundball, 56S, EV 65.0 MPH) (infield hit) Rafael Tapia to third Jordan Llanes to second
|
|
Batting: RHB David Redman
|
0-0: Ball Passed Ball! Rafael Tapia scores Jordan Llanes to third Alex Lopez to second 1-0: Ball 2-0: Ball 3-0: Base on Balls
|
|
Batting: RHB Robby Adair
|
0-0: Ball Passed Ball! Jordan Llanes scores Alex Lopez to third David Redman to second 1-0: Fly out, F8 (Flyball, 8LM, EV 88.8 MPH)
|
|
Batting: RHB Ryan Pastore
|
0-0: Ground out U3 (Groundball, 34, EV 88.8 MPH)
|
| Bottom of the 6th over - 5 runs, 5 hits, 0 errors, 2 left on base; Cleveland (APP) 0 - Texas (APP) 30 |
| TOP OF THE 7TH |
|
Cleveland (APP) Indians batting - Pitching for Texas (APP) Rangers : RHP Tyler Bach
|
|
Batting: RHB Luis Roman
|
0-0: Ball 1-0: Ground out 6-3 (Groundball, 6M, EV 83.1 MPH)
|
|
Batting: LHB Kenji Yokoyama
|
0-0: Ball 1-0: Called Strike 1-1: Ball 2-1: Ball 3-1: Called Strike 3-2: Foul Ball, location: 2F 3-2: Strikes out swinging
|
|
Batting: RHB Joe Shade
|
0-0: Foul Ball, location: 2F 0-1: Foul Ball, location: 2F 0-2: Fly out, F9 (Line Drive, 9, EV 88.8 MPH)
|
| Top of the 7th over - 0 runs, 0 hits, 0 errors, 0 left on base; Cleveland (APP) 0 - Texas (APP) 30 |
| BOTTOM OF THE 7TH |
|
Texas (APP) Rangers batting - Pitching for Cleveland (APP) Indians : LHP Jordan Jimenez
|
|
Batting: LHB Tomoya Hashimoto
|
0-0: Ground out U3 (Groundball, 3, EV 86.9 MPH)
|
|
Batting: RHB Shawn Weber
|
0-0: Foul Ball, location: 2F 0-1: Ball 1-1: Ball 2-1: Fly out, F3 (Line Drive, 3, EV 54.4 MPH)
|
|
Pinch Hitting: RHB Jay De Angelis
|
0-0: Ground out 6-3 (Groundball, 6, EV 105.6 MPH)
|
| Bottom of the 7th over - 0 runs, 0 hits, 0 errors, 0 left on base; Cleveland (APP) 0 - Texas (APP) 30 |
| TOP OF THE 8TH |
|
Cleveland (APP) Indians batting - Pitching for Texas (APP) Rangers : RHP Tyler Bach
|
|
Now in LF: Jay De Angelis
|
|
|
Batting: LHB Heath Ryland
|
0-0: Called Strike 0-1: Ball 1-1: Foul Ball, location: 2F 1-2: Ball 2-2: Fly out, F6 (Line Drive, 6, EV 68.8 MPH)
|
|
Batting: RHB Ken Shear
|
0-0: Ball 1-0: Ball 2-0: Called Strike 2-1: Foul Ball, location: 2F 2-2: Strikes out looking
|
|
Batting: SHB Mike Shields
|
0-0: Called Strike 0-1: Swinging Strike 0-2: Strikes out looking
|
| Top of the 8th over - 0 runs, 0 hits, 0 errors, 0 left on base; Cleveland (APP) 0 - Texas (APP) 30 |
| BOTTOM OF THE 8TH |
|
Texas (APP) Rangers batting - Pitching for Cleveland (APP) Indians : LHP Jordan Jimenez
|
|
Batting: RHB Rafael Tapia
|
0-0: SINGLE (Groundball, 56D, EV 106.3 MPH)
|
|
Batting: RHB Jordan Llanes
|
0-0: Ball 1-0: Ball Wild Pitch! Rafael Tapia to second 2-0: Ball Passed Ball! Rafael Tapia to third 3-0: Called Strike 3-1: Base on Balls
|
|
Batting: RHB Alex Lopez
|
0-0: SINGLE (Line Drive, 8RM, EV 92.5 MPH) Rafael Tapia scores Jordan Llanes to second
|
|
Batting: RHB David Redman
|
0-0: Foul Ball, location: 2F 0-1: Called Strike 0-2: Reached on error, E5 (Groundball, 56S, EV 88.1 MPH) Jordan Llanes to third Alex Lopez to second
|
|
Batting: RHB Robby Adair
|
0-0: SINGLE (Groundball, 13, EV 80.0 MPH) (infield hit) Jordan Llanes scores Alex Lopez to third David Redman to second
|
|
Batting: RHB Ryan Pastore
|
0-0: Fly out, F9 (Flyball, 9, EV 81.9 MPH)
|
|
Batting: LHB Tomoya Hashimoto
|
0-0: Ball Passed Ball! Alex Lopez scores David Redman to third Robby Adair to second 1-0: Ball 2-0: Ball Wild Pitch! David Redman scores Robby Adair to third 3-0: Called Strike 3-1: Called Strike 3-2: Foul Ball, location: 2F 3-2: Base on Balls
|
|
Batting: RHB Shawn Weber
|
0-0: Fielders Choice at 2nd, 5-4 (Groundball, 56, EV 81.3 MPH) Robby Adair scores
|
|
Batting: RHB Jay De Angelis
|
0-0: Ball 1-0: Ball 2-0: Called Strike 2-1: Foul Ball, location: 2F 2-2: Ball 3-2: Base on Balls Shawn Weber to second
|
|
Batting: RHB Rafael Tapia
|
0-0: SINGLE (Groundball, 15S, EV 61.3 MPH) (infield hit) Shawn Weber to third Jay De Angelis to second
|
|
Batting: RHB Jordan Llanes
|
0-0: Ball 1-0: Ground out 5-3 (Groundball, 56S, EV 81.3 MPH)
|
| Bottom of the 8th over - 5 runs, 4 hits, 1 error, 3 left on base; Cleveland (APP) 0 - Texas (APP) 35 |
| TOP OF THE 9TH |
|
Cleveland (APP) Indians batting - Pitching for Texas (APP) Rangers : RHP Tyler Bach
|
|
Batting: RHB John Clark
|
0-0: Ball 1-0: Ball 2-0: Ground out 5-3 (Groundball, 5D, EV 85.6 MPH)
|
|
Batting: RHB Carlos Manriquez
|
0-0: Ground out 4-3 (Groundball, 4, EV 93.8 MPH)
|
|
Batting: RHB Juan Gallardo
|
0-0: Ball 1-0: Ball 2-0: Ball 3-0: Called Strike 3-1: Called Strike 3-2: Base on Balls
|
|
Pitching: RHP Katsuhito Hoshi
|
|
|
Batting: RHB Luis Roman
|
0-0: Foul Ball, location: 2F 0-1: Ball 1-1: Foul Ball, location: 2F 1-2: Foul Ball, location: 2F 1-2: Strikes out swinging
|
| Top of the 9th over - 0 runs, 0 hits, 0 errors, 1 left on base; Cleveland (APP) 0 - Texas (APP) 35 |
|